Match 25044602
Unlisted

Match 25044602
End
Kettenkrad Recon Vehicle
Construct Infanterie Kompanie
Selects Luftwaffe Battlegroup
MG 42 Machine Gun Team
Selects Luftwaffe Pioneer Support
Grenadier Squad
Fallschirmpioneer Squad Paradrop
Construct Panzergrenadier Kompanie
Construct Luftwaffe Kompanie
Panzergrenadier Squad
Selects Stuka Strafing Run
Selects Fallschirmjäger Squad Paradrop
Fallschirmjäger Squad Paradrop
Stuka Strafing Run
Fallschirmjäger Squad Paradrop
Stuka Strafing Run
Support Elements
Stuka Strafing Run
Nebelwerfer 42 Rocket Launcher Team
Stuka Strafing Run
Selects Stuka Loiter
Stuka Loiter
Wirbelwind Flakpanzer
Construct Panzer Kompanie
Panzer IV Medium Tank
251 Medium Carrier
Stuka Loiter
Stuka Loiter
Panzer IV Medium Tank
Panzer IV Medium Tank
Selects LG40 Recoilless Gun Paradrop
Selects Infantry Reserves
Stuka Loiter
Stuka Strafing Run
Fallschirmjäger Squad Paradrop
Fallschirmpioneer Squad Paradrop
captainhack6
foxtro52
south korea
15688450
YangXYZ
Green Rain
Soapp5
dres
0
0

Comments sign in to comment!

No comments posted yet!